AoeStats
← randomciv

Migration

504354520Analyzed
1v1 RM · 27d ago on Sep 5, 2026· 45m 12s· 2 players
Game mode
Random Map
Map size
132×132
Population
200
Speed
Normal
Resources
Standard
Victory
Conquest
Starting age
Dark Age
Ending age
Imperial Age
RankedLock teamsTeams togetherTeam positionsShared explorationLock speedFull tech treeHidden civsTurbo modeCheats
Victory
Defeat
🇺🇸 Tatars · United States
1874
+19
🇦🇷 Portuguese · Argentina
1931
-19
BB3097790
11:44 Feudal Age
10:48 Loom
15:28 Castle Age
13:42 Fishing Lines
14:26 Double-Bit Axe
15:00 Fletching
15:43 Gold Mining
16:27 Medium Warships
16:48 Bow Saw
18:22 Gillnets
18:30 Bodkin Arrow
21:02 Clinker Construction
22:48 Ballistics
24:19 Wheelbarrow
23:30 Town Watch
23:31 Loom
24:07 Careening
26:02 Stone Mining
29:46 Hand Cart
32:30 Imperial Age
30:56 Gold Shaft Mining
32:07 Scale Barding Armor
32:29 Forging
34:12 Chemistry
36:11 Bracer
36:11 Padded Archer Armor
36:24 Masonry
38:01 Bloodlines
37:51 Husbandry
40:17 Leather Archer Armor
41:13 Husbandry
42:09 Conscription
41:50 Capped Ram
44:11 Heavy Cavalry Archer
randomciv
10:44 Feudal Age
11:35 Double-Bit Axe
16:33 Castle Age
14:51 Gold Mining
14:44 Horse Collar
17:26 Medium Warships
17:25 Loom
19:58 Bow Saw
21:24 Fletching
21:41 Horse Collar
22:51 Town Watch
23:28 Fervor
24:21 Bodkin Arrow
28:30 Wheelbarrow
28:15 Stone Mining
34:05 Imperial Age
32:08 Pikeman
33:17 Ballistics
33:25 Masonry
34:08 Treadmill Crane
35:48 Chemistry
36:55 Conscription
36:47 Halberdier
41:15 Bracer
41:16 Padded Archer Armor
41:34 Elite Skirmisher
43:00 Leather Archer Armor
44:39 Ring Archer Armor
45:34 Scale Mail Armor
Connection lost

Rejoining the realm…

Still unreachable

The connection could not be restored.

Session expired

The server has moved on; the page needs a fresh start.